 Dungeon Crawl Stone Soup version 0.23-a0-586-gacb4b3f (webtiles) character file.

384 Inarius the Chopper (level 6, 0/57 HPs)
             Began as a Demonspawn Chaos Knight on Dec 18, 2018.
             Was a Plaything of Xom.
             Slain by Menkaure (5 damage)
             ... on level 4 of the Dungeon.
             The game lasted 00:07:42 (3814 turns).

Inarius the Chopper (Demonspawn Chaos Knight)       Turns: 3814, Time: 00:07:43

Health: 0/57       AC:  8    Str: 14    XL:     6   Next: 47%
Magic:  6/6        EV:  2    Int: 16    God:    Xom [......]
Gold:   256        SH:  0    Dex: 10    Spells: 5/5 levels left

rFire    + + .     SeeInvis .   a - +0 hand axe (chaos)
rCold    . . .     Gourm    .   (no shield)
rNeg     + + +     Faith    .   l - +1 scale mail
rPois    ∞         Spirit   .   (no helmet)
rElec    .         Reflect  .   (no cloak)
rCorr    .         Harm     .   (no gloves)
MR       .....                  (boots unavailable)
Stlth    ..........             (no amulet)
HPRegen  0.59/turn              i - ring of protection from fire
MPRegen  0.10/turn              (no ring)

@: petrified, very slightly contaminated, slowed, invisible
A: talons 3, clever 1, clumsy 1, fire resistance 1, regeneration 1, robust 2
a: Renounce Religion


You were on level 4 of the Dungeon.
You worshipped Xom.
You were a very special plaything of Xom.
You were hungry.

You visited 1 branch of the dungeon, and saw 5 of its levels.
You also visited: Sewer.

You collected 256 gold pieces.

Inventory:

Hand Weapons
 a - a +0 hand axe of chaos (weapon)
Missiles
 w - 7 javelins (quivered)
Armour
 l - a +1 scale mail (worn)
Jewellery
 i - a ring of protection from fire (left hand)
Wands
 h - a wand of acid (7)
Scrolls
 b - a scroll of enchant weapon
 k - 5 scrolls of teleportation
 o - a scroll of amnesia
 p - 3 scrolls of identify
 r - a scroll of blinking {unknown}
 s - a scroll of fear {unknown}
 t - a scroll of immolation {unknown}
 v - a scroll of fog
Potions
 d - 2 potions of magic {unknown}
 e - 2 potions of curing
 g - a potion of berserk rage {unknown}
 m - a potion of brilliance {unknown}
 n - a potion of agility {unknown}
 q - 2 potions of heal wounds {unknown}
Comestibles
 c - 9 rations


   Skills:
 * Level 4.0 Fighting
 * Level 4.7 Axes
 + Level 4.0 Armour
 + Level 1.4 Dodging
 * Level 0.7 Evocations


You had 5 spell levels left.
You didn't know any spells.
Your spell library contained the following spells:

 Spells                   Type           Power        Failure   Level  Hunger
 Magic Dart               Conj           #...         69%         1    ##.....
 Blink                    Tloc           N/A          83%         2    ###....
 Call Imp                 Summ           #.......     83%         2    ###....
 Slow                     Hex            #.......     83%         2    ###....
 Conjure Flame            Conj/Fire      #.......     96%         3    ####...
 Mephitic Cloud           Conj/Pois/Air  #.......     96%         3    ####...


Dungeon Overview and Level Annotations

Branches:
Dungeon (5/15)
 Temple: D:4-7

Altars:
Ashenzari
Fedhas
Makhleb
Ru
Trog
Xom

Annotations:
D:3 Sigmund
D:4 Menkaure


Innate Abilities, Weirdness & Mutations

You have claws for feet.
Your mind is acute. (Int +2)
You are clumsy. (Dex -2)
Your flesh is heat resistant. (rF+)
Your natural rate of healing is unusually fast.
You are very robust. (+20% HP)


Message History

Your +1 scale mail unmelds from your body.
Xom is highly amused!
You hear some strange, mumbled words.
Pain shoots through your body!
You hear some strange, mumbled words.
Pain shoots through your body!
* * * LOW HITPOINT WARNING * * *
Something hits you.
* * * LOW HITPOINT WARNING * * *
You have turned to stone.
Something hits you!
* * * LOW HITPOINT WARNING * * *
You feel as though you will be slow longer.
Something hits you but does no damage. Something hits you.
* * * LOW HITPOINT WARNING * * *
You fade further into invisibility.
Something hits you!
You die...
Xom yawns loudly!

#.######..##########***
...###.......##.#..#
................#..#
##.###.#####.##.#..#
##......# #.##.#.M#
....##..####.##.#..##
..........##........#
.......##.#####.##.##
.............##§@{..#
###.#.#####.#########
.#.............#
......########.####
.#................#
.#.....#######.##.#
.......### #.##.#
.#.......# #.##.#
##...#.#.# #.##.#


There were no monsters in sight!

Vanquished Creatures
  A boggart (shapeshifter) (D:2)
  An orc wizard (D:4)
  2 worker ants (D:4)
  8 adders
  An ooze (D:3)
  A worm (D:4)
  A dart slug (D:1)
  2 leopard geckos
  8 orcs
  8 ball pythons
  2 giant cockroaches
  3 goblins
  2 hobgoblins
  4 jackals (D:3)
  6 kobolds
  A quokka (D:3)
  3 bats
  7 frilled lizards
  A quokka skeleton (D:4)
  10 rats
72 creatures vanquished.

Vanquished Creatures (collateral kills)
  An ogre (D:4)
  A giant cockroach (D:4)
2 creatures vanquished.

Vanquished Creatures (others)
  A bullfrog (D:4)
1 creature vanquished.

Grand Total: 75 creatures vanquished

Notes
Turn   | Place    | Note
-------+----------+-------------------------------------------
     0 | D:1      | Inarius the Demonspawn Chaos Knight began the quest for the
                  | Orb.
     0 | D:1      | Reached XP level 1. HP: 18/18 MP: 1/1
    36 | D:1      | XOM: potion effect (berserk rage)
   199 | D:1      | Gained mutation: You have sharp toenails. [demonic
                  | ancestry]
   199 | D:1      | Reached XP level 2. HP: 24/24 MP: 2/2
   987 | D:2      | XOM: harmless Air miscast
   996 | D:2      | Found a faded altar of an unknown god.
  1115 | D:2      | Found a bloodstained altar of Trog.
  1217 | D:2      | XOM: scenery: create altars
  1258 | D:2      | XOM: butterfly on damage
  1260 | D:2      | Noticed a fire bat
  1260 | D:2      | a worm changed into a fire bat
  1262 | D:2      | XOM: fog
  1267 | D:2      | XOM: potion effect (curing)
  1271 | D:2      | Noticed a boggart
  1271 | D:2      | XOM: cast spell 'Call Canine Familiar'
  1277 | D:2      | Killed a boggart
  1277 | D:2      | Reached skill level 1 in Dodging
  1277 | D:2      | Reached XP level 3. HP: 30/30 MP: 3/3
  1277 | D:2      | Reached XP level 4. HP: 37/37 MP: 4/4
  1712 | D:2      | XOM: god gift: 17 gold pieces
  2067 | D:3      | Noticed a bullfrog
  2075 | D:3      | a bullfrog changed into an ooze
  2075 | D:3      | XOM: polymorph bullfrog -> ooze
  2094 | D:3      | XOM: mild Air miscast
  2106 | D:3      | Reached XP level 5. HP: 32/42 MP: 5/5
  2466 | D:3      | XOM: cloud trail
  2495 | D:3      | Noticed Sigmund
  2502 | D:3      | XOM: confuse monster(s)
  2635 | D:4      | Found a shattered altar of Ashenzari.
  2683 | D:4      | Noticed an ogre
  2696 | D:3      | You fall through a shaft for 2 floors!
  2696 | D:5      | Entered Level 5 of the Dungeon
  2799 | D:4      | Gained mutation: You have razor-sharp toenails. [demonic
                  | ancestry]
  2799 | D:4      | Reached XP level 6. HP: 30/48 MP: 6/6
  3036 | D:4      | Found a glowing drain.
  3041 | Sewer    | Entered a sewer
  3061 | Sewer    | XOM: blink monster(s)
  3091 | Sewer    | XOM: give mutations
  3091 | Sewer    | Gained mutation: Your natural rate of healing is unusually
                  | fast. [Xom's grace]
  3091 | Sewer    | Gained mutation: Your mind is acute. (Int +2) [Xom's grace]
  3091 | Sewer    | Gained mutation: You are robust. (+10% HP) [Xom's grace]
  3091 | Sewer    | Gained mutation: You are resistant to hostile enchantments.
                  | (MR+) [Xom's grace]
  3439 | D:4      | XOM: give mutations
  3439 | D:4      | Gained mutation: You are very robust. (+20% HP) [Xom's
                  | grace]
  3439 | D:4      | Gained mutation: You have claws for feet. [Xom's grace]
  3439 | D:4      | Gained mutation: Your flesh is heat resistant. (rF+) [Xom's
                  | grace]
  3487 | D:4      | XOM: give mutations
  3487 | D:4      | Lost mutation: You are resistant to hostile enchantments.
                  | (MR+) [Xom's mischief]
  3487 | D:4      | Gained mutation: You are clumsy. (Dex -2) [Xom's mischief]
  3526 | D:4      | Found a burning altar of Makhleb.
  3526 | D:4      | Found a blossoming altar of Fedhas.
  3540 | D:4      | XOM: summons 6 friendly demons
  3634 | D:4      | Found a sacrificial altar of Ru.
  3793 | D:4      | Noticed Menkaure
  3804 | D:4      | XOM: chaos cloud
  3814 | D:4      | Slain by Menkaure

Vault maps used:
D:1:      giann_bridges, minmay_pentomino_r2
D:2:      chequers_ecumenical_altar_island, first_ration, bloody_trog
D:3:      nicolae_dithmenos_through_a_glass_darkly, uniq_sigmund
D:4:      minmay_thinvault, nicolae_ru_the_path_less_chosen,
          evilmike_ruin_ashenzari, chequers_temple_overflow_statue_of_worship,
          portal_sewer_entry_e, interstate_on_off, minmay_misc_feat_alley,
          uniq_menkaure
D:5:      minmay_temple_entry_glassed_door, gammafunk_ghost_grave, uniq_grinder
Sewer:    sewer_co_cracked_pipes

Skill      XL: |  1  2  3  4  5  6 |
---------------+-------------------+-----
Armour         | 2 3 4 |  4.0
Axes           | 3 4 |  4.7
Dodging        | 1 |  1.4
Fighting       | 4 |  4.0
Evocations     | |  0.7

Action                   |  1- 3 |  4- 6 || total
-------------------------+-------+-------++-------
Melee: Hand axe          |    54 |   168 ||   222
       Kick              |     7 |    33 ||    40
Evoke: Wand              |       |     1 ||     1
  Use: Potion            |       |     6 ||     6
       Scroll            |       |     8 ||     8
 Stab: Confused          |       |     4 ||     4
       Petrifying        |       |     1 ||     1
  Eat: Chunk             |     1 |     8 ||     9
Armor: Leather armour    |     7 |       ||     7
       Scale mail        |    14 |    77 ||    91
       Skin              |       |     9 ||     9
Dodge: Dodged            |    30 |    87 ||   117

Table legend:
 A = Non-vault XP
 B = Vault XP
 C = Vault XP percentage of total XP
 D = Non-vault monster count
 E = Vault monster count
 F = Vault count percentage of total count
                 A         B        C        D         E       F
            +---------+---------+-------+---------+---------+-------
      Total |     488 |      61 |  11.1 |      57 |      18 |  24.0
            +---------+---------+-------+---------+---------+-------
        D:1 |      18 |       2 |  10.0 |      10 |       2 |  16.7
        D:2 |     116 |       0 |   0.0 |       9 |       0 |   0.0
        D:3 |      94 |       0 |   0.0 |      28 |       0 |   0.0
        D:4 |     260 |      21 |   7.5 |      10 |       5 |  33.3
      Sewer |       0 |      38 | 100.0 |       0 |      11 | 100.0
            +---------+---------+-------+---------+---------+-------
